 Dungeon Crawl Stone Soup version 0.30-a0-778-g2ef04afb54 (webtiles) character file.

Game seed: 3396476583091677369

5 omnomnOMINOUS the Changer (level 1, 0/13 HPs)
             Began as an Octopode Wanderer on Feb 16, 2023.
             Killed from afar by a dart slug (4 damage)
             ... with a slug dart
             ... on level 1 of the Dungeon on Feb 27, 2023.
             The game lasted 00:02:21 (388 turns).

omnomnOMINOUS the Changer (Octopode Wanderer)        Turns: 388, Time: 00:02:22

Health: 0/13       AC:  1    Str: 11    XL:     1   Next: 80%
Magic:  2/2        EV: 12    Int: 17    God:
Gold:   14         SH:  0    Dex:  8    Spells: 2/2 levels left

rFire   . . .      SeeInvis .    k - +0 dagger
rCold   . . .      Faith    .    (no shield)
rNeg    . . .      Spirit   .    (helmet restricted)
rPois   .          Reflect  .    (no amulet)
rElec   .          Harm     .    e - ring of resist corrosion
rCorr   +          Rampage  .    (no ring)
Will    .....                    (no ring)
Stlth   ++                       (no ring)
HPRegen 0.22/turn                (no ring)
MPRegen 0.08/turn                (no ring)
                                 (no ring)
                                 (no ring)

@: no status effects
A: almost no armour, amphibious, 8 rings, camouflage 1, gelatinous body 1,
(nimble swimmer 1), tentacles
a: no special abilities


You were on level 1 of the Dungeon.
You visited 1 branch of the dungeon, and saw 1 of its levels.

You collected 14 gold pieces.

Inventory:

Hand Weapons
 a - a +0 club
 k - a +0 dagger (weapon)
Missiles
 f - 5 poisoned darts (quivered)
Jewellery
 e - a ring of resist corrosion (left tentacle)
Scrolls
 b - a scroll of blinking
 d - a scroll of poison {unknown}
 h - a scroll of teleportation {unknown}
Potions
 c - a potion of attraction
 g - 2 potions of invisibility {unknown}
 i - a potion of berserk rage {unknown}
 j - a potion of haste {unknown}


   Skills:
 + Level 1.2 Fighting
 + Level 0.5 Dodging
 + Level 1.2 Spellcasting
 - Level 3.0 Necromancy
 - Level 4.0 Transmutations
 - Level 1.1 Evocations


You had 2 spell levels left.
You didn't know any spells.
Your spell library contained the following spells:

 Spells                   Type           Power      Damage    Failure   Level
 Beastly Appendage        Tmut           28%        N/A       4%          1
 Kiss of Death            Conj/Necr      24%        2d7       12%         1
 Vampiric Draining        Necr           11%        2d6       19%         3
 Ignite Poison            Fire/Tmut/Pois 5%         N/A       36%         3
 Animate Dead             Necr           11%        N/A       52%         4


Dungeon Overview and Level Annotations

Branches:
Dungeon (1/15)

Altars:


Innate Abilities, Weirdness & Mutations

You cannot wear most types of armour.
You are amphibious.
You can wear up to eight rings at the same time.
Your skin changes colour to match your surroundings (Stealth+).
Your rubbery body absorbs attacks. (AC +1, EV +1)
((You are camouflaged when in or above water. (Stealth+)))
You have tentacles for arms and can constrict up to eight enemies at once.


Message History

You squeeze the goblin.
You kill the goblin!
You see here a +0 dagger.
A kobold comes into view. It is wielding a +0 club.
You see here a poisoned dart.
You see here a +0 dagger.
k - a +0 dagger The kobold shouts!
k - a +0 dagger (weapon)
The kobold hits you with a +0 club.
You hit the kobold.
You kill the kobold!
No target in view!
No target in view!
Things that are here:
a +0 club; a kobold corpse
f - 2 poisoned darts (gained 1)
f - 3 poisoned darts (gained 1)
f - 5 poisoned darts (gained 2)
A dart slug comes into view.
Found 12 gold pieces.
The dart slug launches a dart at you. The slug dart hits you.
The dart slug launches a dart at you. The slug dart misses you.
A ball python comes into view.
The dart slug launches a dart at you. The slug dart hits you.
The dart slug launches a dart at you. The slug dart hits you.
You are too injured to fight recklessly!
You are too injured to fight recklessly!
You are too injured to fight recklessly!
The dart slug bites you.
* * * LOW HITPOINT WARNING * * *
You hit the dart slug but do no damage. You grab the dart slug.
You constrict the dart slug. The dart slug launches a dart at you.
The slug dart hits you.
You die...

# .# #######
##.########
##.....##..........#
##.....$............##
#...................##
#....?................
#.....................
#...w@................
#...................#.
#.....................
##S.............##...#
##.....##......##....
#############.......
###...... ##........
##.........


You could see a dart slug and a ball python (asleep).

Vanquished Creatures
  An endoplasm (D:1)
  A goblin (D:1)
  A quokka (D:1)
  A frilled lizard (D:1)
  A kobold (D:1)
5 creatures vanquished.

Notes
Turn   | Place    | Note
-------+----------+-------------------------------------------
     0 | D:1      | omnomnOMINOUS the Octopode Wanderer began the quest for the
                  | Orb.
     0 | D:1      | omnomnOMINOUS set off with the following items: a +0 club,
                  | a scroll of blinking, a potion of attraction; and the
                  | following spells available to memorise: Beastly Appendage,
                  | Kiss of Death, Vampiric Draining, Ignite Poison, Animate
                  | Dead.
     0 | D:1      | Reached XP level 1. HP: 13/13 MP: 2/2
   388 | D:1      | Killed from afar by a dart slug

Illustrated notes

Levels and vault maps discovered:
D:1:      dpeg_arrival_radiant, layout_rooms, serial_shops,
          nicolae_shop_bloodbath_and_beyond

Action                     || total
---------------------------++-------
  Melee: Club              ||    11
         Constrict         ||     3
         Tentacles         ||     3
         Dagger            ||     2
  Throw: Dart              ||     4
  Dodge: Dodged            ||     5

Table legend: (Time is in decaauts)
 A = Elapsed time spent in this place.
 B = Non-inter-level travel time spent in this place.
 C = Inter-level travel time spent in this place.
 D = Time resting spent in this place.
 E = Time spent auto-exploring this place.
 F = Levels seen in this place.
 G = Mean time per level.
                   A        B        C        D        E       F      G
               +--------+--------+--------+--------+--------+-----+--------+
         Total |    390 |    390 |      0 |     14 |    289 |   1 |  390.0 |
       Dungeon |    390 |    390 |      0 |     14 |    289 |   1 |  390.0 |
               +--------+--------+--------+--------+--------+-----+--------+

Top non-repeatable levels by time:
     D:1: 390 daAuts
